 Dungeon Crawl Stone Soup version 0.28.0 (webtiles) character file.

Game seed: 17412827239673423609

437 cbfl8 the Chopper (level 6, -5/84 HPs)
             Began as a Minotaur Berserker on Feb 4, 2022.
             Was a Believer of Trog.
             Slain by Menkaure (11 damage)
             ... on level 5 of the Dungeon.
             The game lasted 00:08:57 (4041 turns).

cbfl8 the Chopper (Minotaur Berserker)              Turns: 4041, Time: 00:08:58

Health: -5/84      AC: 12    Str: 21    XL:     6   Next: 69%
Magic:  5/5        EV: 11    Int:  6    God:    Trog [**....]
Gold:   202        SH:  0    Dex: 16    Spells: 5/5 levels left

rFire   x . .      SeeInvis .   y - +1 war axe (vorpal)
rCold   + + .      Faith    .   (no shield)
rNeg    . . .      Spirit   .   m - +0 ice dragon scales
rPois   .          Reflect  .   (helmet restricted)
rElec   .          Harm     .   (no cloak)
rCorr   .          Rampage  .   (no gloves)
Will    .....                   r - +0 pair of boots
Stlth   ..........              h - amulet of the acrobat
HPRegen 0.24/turn               i - +6 ring of dexterity
MPRegen 0.09/turn               (no ring)

@: berserking, very quick
A: horns 2, retaliatory headbutt
a: Renounce Religion, Berserk, Trog's Hand


You were on level 5 of the Dungeon.
You worshipped Trog.
Trog was pleased with you.
You visited 1 branch of the dungeon, and saw 5 of its levels.

You collected 202 gold pieces.

Inventory:

Hand Weapons
 a - a +0 hand axe
 y - a +1 vorpal war axe (weapon)
Missiles
 f - 134 stones (quivered)
 q - 39 bolts
 t - 22 sling bullets
Armour
 b - a +0 animal skin
 k - a +0 ring mail
 m - +0 ice dragon scales (worn)
 r - a +0 pair of boots (worn)
Jewellery
 h - an amulet of the acrobat (around neck)
 i - a +6 ring of dexterity (left hand)
 v - an amulet of magic regeneration
 w - an amulet of guardian spirit
Wands
 s - a wand of charming (10)
Scrolls
 e - 2 scrolls of teleportation {unknown}
 l - a scroll of noise {unknown}
 n - 3 scrolls of identify {unknown}
 o - 2 scrolls of vulnerability {unknown}
 u - a scroll of summoning {unknown}
Potions
 c - a potion of curing {unknown}
 d - 3 potions of heal wounds {unknown}
 g - 2 potions of mutation {unknown}
 j - a potion of magic {unknown}
 p - 2 potions of degeneration {unknown}
 x - a potion of haste {unknown}


   Skills:
 + Level 5.1 Fighting
 + Level 6.2 Axes
 + Level 4.6 Armour
 + Level 3.4 Dodging
 + Level 1.4 Stealth


You had 5 spell levels left.
You didn't know any spells.
Your spell library contained the following spells:

 Spells                   Type           Power      Damage    Failure   Level
 Ensorcelled Hibernation  Hex/Ice        0%         N/A       94%         2
 Sublimation of Blood     Necr           0%         N/A       94%         2
 Wereblood                Tmut           0%         N/A       94%         2
 Dazzling Flash           Conj/Hex       0%         N/A       99%         3
 Spider Form              Tmut/Pois      0%         N/A       99%         3
 Anguish                  Hex/Necr       0%         N/A       100%        4
 Iskenderun's Mystic Bla  Conj/Tloc      0%         2d3       100%        4
 Starburst                Conj/Fire      0%         6d3       100%        6
 Summon Hydra             Summ           0%         N/A       100%        7


Dungeon Overview and Level Annotations

Branches:
Dungeon (5/15)
 Temple: D:4-7

Altars:
Ashenzari
Hepliaklqana
Trog
Uskayaw
Zin

Shops:
D:1 *

Annotations:
D:5 Menkaure


Innate Abilities, Weirdness & Mutations

You have a pair of horns on your head.
You reflexively headbutt those who attack you in melee.


Message History

An orc wizard comes into view. It is wielding a +0 dagger.
The orc closely misses you. You furiously retaliate!
You headbutt the orc!
You kill the orc!
Trog accepts your kill.
Menkaure gestures wildly while chanting.
Menkaure seems to speed up.
A red film seems to cover your vision as you go berserk!
You feel yourself moving faster!
You feel mighty!
The orc wizard gestures at you while chanting.
The magic dart hits you!
Menkaure calls on the powers of darkness!
The orc wizard convulses!
Your body is wracked with pain!
You miss the orc wizard. You headbutt the orc wizard.
The orc wizard is severely wounded.
The orc wizard hits you but does no damage.
You slice the orc wizard!!
You feel the power of Trog in you as your rage grows.
You kill the orc wizard!
Trog accepts your kill.
Trog appreciates your killing of a magic user.
Menkaure calls on the powers of darkness!
Your body is wracked with pain!
* * * LOW HITPOINT WARNING * * *
Okay, then.
Menkaure hits you but does no damage.
There is an open door here.
Items here: )) [[.
You hit Menkaure. Your headbutt misses Menkaure.
Menkaure is moderately damaged.
Menkaure hits you!
* * * LOW HITPOINT WARNING * * *
You barely miss Menkaure.
Menkaure is moderately damaged.
Menkaure gestures at you while chanting.
Pain shoots through your body!
* * * LOW HITPOINT WARNING * * *
You slash Menkaure!
Menkaure is almost destroyed.
Menkaure hits you!
You die...

#...........
#...........
#........!..
#.......(...
#...........
#...........
#..)M....<..
#@#######
#.......# .
#.......# ..
#.......# ...
#.......#......
######
#.....).#......
#....#
########'#..)...
#....#
#............#
#....#
#............#


You could see Menkaure (fast).

Vanquished Creatures
  A water moccasin (D:5)
  2 scorpions
  Natasha (thrice) (D:2)
  An orc wizard (D:5)
  9 adders
  A worm (D:2)
  4 orcs
  6 endoplasms
  3 giant cockroaches
  4 goblins
  A hobgoblin (D:2)
  2 quokkas
  4 ball pythons
  2 bats
  3 frilled lizards (D:1)
  3 kobolds
  4 rats
53 creatures vanquished.

Notes
Turn   | Place    | Note
-------+----------+-------------------------------------------
     0 | D:1      | cbfl8 the Minotaur Berserker began the quest for the Orb.
     0 | D:1      | Reached XP level 1. HP: 19/19 MP: 0/0
   373 | D:1      | Found Zothruwue's Assorted Antiques.
   494 | D:1      | Reached skill level 4 in Axes
   494 | D:1      | Reached XP level 2. HP: 26/27 MP: 1/1
  1224 | D:2      | Reached XP level 3. HP: 33/33 MP: 2/2
  1478 | D:2      | Noticed Natasha
  1489 | D:2      | Killed Natasha
  1490 | D:2      | Reached XP level 4. HP: 31/41 MP: 3/3
  1630 | D:2      | Noticed Natasha
  1637 | D:2      | Killed Natasha
  1637 | D:2      | Reached ** piety under Trog
  1733 | D:2      | Noticed Natasha
  1743 | D:2      | Killed Natasha
  1744 | D:2      | Reached skill level 5 in Axes
  1918 | D:3      | Reached XP level 5. HP: 42/47 MP: 4/4
  1927 | D:3      | Found a hazy altar of Hepliaklqana.
  1927 | D:3      | Found a glowing silver altar of Zin.
  2706 | D:4      | Found a hide-covered altar of Uskayaw.
  2709 | D:4      | Found a broken altar of Ashenzari.
  2710 | D:4      | Found a bloodstained altar of Trog.
  2752 | D:4      | Reached skill level 1 in Stealth
  3446 | D:4      | Reached skill level 5 in Fighting
  3854 | D:5      | Entered Level 5 of the Dungeon
  3893 | D:5      | Noticed a water moccasin
  3899 | D:5      | Killed a water moccasin
  3900 | D:5      | Reached skill level 6 in Axes
  3900 | D:5      | Reached XP level 6. HP: 45/56 MP: 5/5
  4028 | D:5      | Noticed Menkaure
  4041 | D:5      | Slain by Menkaure

Illustrated notes

Levels and vault maps discovered:
D:1:      scummos_arrival_checkerplants, layout_rooms, serial_shops,
          nicolae_shop_behind_doors
D:2:      layout_basic, uniq_natasha
D:3:      layout_basic, mainiacjoe_overflow_divided_tiny,
          minmay_misc_feat_ornament
D:4:      layout_basic, grunt_temple_overflow_open, st_stairs_14,
          amethyst_killhole, saegor_snake_ambush
D:5:      layout_gridville, chequers_jeans, grunt_decor_fettered, uniq_menkaure

Skill      XL: |  1  2  3  4  5 |
---------------+----------------+-----
Axes           | 4 5 6 |  6.2
Fighting       | 4 5 |  5.1
Armour         | 3 4 |  4.6
Dodging        | 3 |  3.4
Stealth        | 1 |  1.4

Action                   |  1- 3 |  4- 6 || total
-------------------------+-------+-------++-------
Melee: Hand axe          |    56 |    53 ||   109
       Headbutt          |    10 |     4 ||    14
       War axe           |       |    13 ||    13
Invok: Berserk           |       |     1 ||     1
Armor: Animal skin       |     4 |       ||     4
       Ring mail         |     3 |       ||     3
       Ice dragon scales |     4 |    24 ||    28
Dodge: Dodged            |    31 |    50 ||    81
